 Dungeon Crawl Stone Soup version 0.19-a0-1792-g28b16ba (webtiles) character file.

49 epen the Poker (level 4, -1/35 HPs)
             Began as a Formicid Monk on Oct 4, 2016.
             Slain by Sigmund
             ... wielding a +0 scythe
              (6 damage)
             ... on level 2 of the Dungeon.
             The game lasted 00:01:59 (1633 turns).

epen the Poker (Formicid Monk)                      Turns: 1633, Time: 00:02:00

Health: -1/35      AC:  4    Str: 16    XL:     4   Next: 1%
Magic:  4/4        EV: 13    Int: 10    God:
Gold:   38         SH:  0    Dex: 13    Spells: 0 memorised, 3 levels left

rFire  . . .     SeeInvis +     a - +0 spear
rCold  . . .     Gourm    .     b - +0 robe
rNeg   . . .     Faith    .     (no shield)
rPois  .         Spirit   .     (helmet unavailable)
rElec  .         Dismiss  .     d - +1 cloak
rCorr  .         Reflect  .     (no gloves)
MR     .....     Harm     .     (no boots)
Stlth  ++........               (no amulet)
                                (no ring)
                                (no ring)

@: no status effects
A: permanent stasis, dig shafts and tunnels, four strong arms, antennae 3
a: Dig, Shaft Self


You were on level 2 of the Dungeon.
You were not hungry.

You visited 1 branch of the dungeon, and saw 3 of its levels.

You collected 38 gold pieces.

Inventory:

Hand Weapons
 a - a +0 spear (weapon)
Armour
 b - a +0 robe (worn)
 d - a +1 cloak (worn)
Scrolls
 h - a scroll of enchant weapon {unknown}
 i - 2 scrolls of teleportation {unknown}
 j - 3 scrolls of fog {unknown}
 k - a scroll of random uselessness {unknown}
 l - a scroll of identify {unknown}
 o - a scroll of remove curse {unknown}
Potions
 e - 3 potions of degeneration {unknown}
 f - a potion of lignification {unknown}
 g - 3 potions of brilliance {unknown}
Comestibles
 c - 2 bread rations
 m - 8 chunks of flesh
 n - 2 fruits
 p - a meat ration


   Skills:
 + Level 3.4 Fighting
 * Level 3.9 Polearms
 * Level 1.4 Armour
 + Level 3.0 Dodging
 - Level 2.4 Stealth


You had 3 spell levels left.
You didn't know any spells.

Dungeon Overview and Level Annotations

Branches:
Dungeon (3/15)

Altars:

Annotations:
D:2 Sigmund


Innate Abilities, Weirdness & Mutations

You are under a permanent stasis effect.
You can dig through walls and to a lower floor.
Your four strong arms can wield two-handed weapons with a shield.
You have a pair of large antennae on your head. (SInv)


Message History

Sigmund shouts!
Sigmund points at you and mumbles some strange words.
The magic dart hits you!
* * * LOW HITPOINT WARNING * * *
The dart slug launches a dart at you. The slug dart hits you!
* * * LOW HITPOINT WARNING * * *
The dart slug launches a dart at you. The slug dart hits you!
* * * LOW HITPOINT WARNING * * *
Found a pair of gloves.
Sigmund barely misses you.
Found 12 stones.
A quokka comes into view.
Found a gold piece.
Are you sure you want to shaft yourself?
You feel quite a bit more hungry.
You begin to dig a shaft.
You continue digging a shaft.
Sigmund hits you from afar with a scythe.
You die...

#...# ####...###
#.........### ...(....
... ### #....... ..# ..#
#.[.###.# #.# #...@.@.#
##.######...###.#
...........# #@#
#.#.######.# #.....$..
.##.##.#####.####.##....
......w.....{.# .# r.
.##.#...............
#.#.#..##########.##
#.....##.## .#
##.#..#.#.## .#
#.#...###.#####.#


You could see Sigmund and a quokka (sleeping).

Vanquished Creatures
  An adder (D:2)
  An ooze (D:1)
  2 dart slugs
  A leopard gecko (D:1)
  2 bats
  3 goblins (D:1)
  6 hobgoblins (D:1)
  4 jackals (D:3)
  A ball python (D:1)
  A frilled lizard (D:1)
  2 kobolds (D:1)
  4 rats (D:1)
28 creatures vanquished.

Notes
Turn   | Place    | Note
-------+----------+-------------------------------------------
     0 | D:1      | epen the Formicid Monk began the quest for the Orb.
     0 | D:1      | Reached XP level 1. HP: 18/18 MP: 1/1
    62 | D:1      | Reached XP level 2. HP: 15/24 MP: 2/2
   434 | D:1      | Reached skill level 1 in Armour
   656 | D:1      | Reached XP level 3. HP: 19/29 MP: 3/3
   958 | D:2      | Noticed Sigmund
  1185 | D:2      | You fall through a shaft!
  1587 | D:2      | Reached XP level 4. HP: 16/35 MP: 4/4
  1633 | D:2      | Slain by Sigmund

Vault maps used:
D:1:      arrival_zaba_pyramid
D:2:      first_bread, grunt_gozag_breadcrumbs, uniq_sigmund

Skill      XL: |  1  2  3 |
---------------+----------+-----
Armour         | 1 |  1.4
Dodging        | 3 |  3.0
Fighting       | |  3.4
Polearms       | |  3.9
Stealth        | |  2.4

Action                   |  1- 3 |  4- 6 || total
-------------------------+-------+-------++-------
Melee: Spear             |   132 |       ||   132
 Abil: Shaft Self        |     1 |     1 ||     2
 Stab: Sleeping          |     8 |       ||     8
  Eat: Meat ration       |     1 |       ||     1
Armor: Robe              |    17 |       ||    17
Dodge: Dodged            |    58 |     2 ||    60
